 Dungeon Crawl Stone Soup version 0.24-a0-507-g3e8b242632 (webtiles) character file.

Game seed: 7922362438695247108

115 Peloso the Shield-Bearer (level 4, 0/41 HPs)
             Began as a Minotaur Fighter on July 19, 2019.
             Slain by an orc priest
             ... wielding a +1 hand axe of flaming
              (1 damage)
             ... on level 3 of the Dungeon.
             The game lasted 00:02:43 (1569 turns).

Peloso the Shield-Bearer (Minotaur Fighter)         Turns: 1569, Time: 00:02:44

Health: 0/41       AC:  6    Str: 20    XL:     4   Next: 68%
Magic:  3/3        EV:  7    Int:  5    God:
Gold:   117        SH:  9    Dex: 11    Spells: 3/3 levels left

rFire    . . .     SeeInvis .   a - +0 long sword
rCold    . . .     Gourm    .   c - +0 shield
rNeg     . . .     Faith    .   b - +0 scale mail
rPois    .         Spirit   .   (helmet restricted)
rElec    .         Reflect  .   (no cloak)
rCorr    .         Harm     .   (no gloves)
MR       .....                  (no boots)
Stlth    ..........             (no amulet)
HPRegen  0.13/turn              (no ring)
MPRegen  0.08/turn              (no ring)

@: lightly drained
A: retaliatory headbutt, horns 2
a: no special abilities


You were on level 3 of the Dungeon.
You were very hungry.

You visited 1 branch of the dungeon, and saw 3 of its levels.

You collected 117 gold pieces.

Inventory:

Hand Weapons
 a - a +0 long sword (weapon)
 g - a +2 hand axe of venom
Armour
 b - a +0 scale mail (worn)
 c - a +0 shield (worn)
Jewellery
 l - an uncursed ring of ice {unknown}
Scrolls
 e - 3 scrolls of remove curse {unknown}
 i - 2 scrolls of enchant armour {unknown}
 m - a scroll of fear {unknown}
 n - a scroll of identify {unknown}
Potions
 d - 2 potions of might
 h - a potion of lignification {unknown}
 j - a potion of agility {unknown}
 k - 3 potions of heal wounds {unknown}
Comestibles
 f - 6 rations


   Skills:
 + Level 4.3(3.9) Fighting
 + Level 4.1(3.6) Long Blades
 + Level 4.0(3.5) Armour
 + Level 0.8(0.4) Dodging
 + Level 4.6(4.2) Shields


You had 3 spell levels left.
You didn't know any spells.
Your spell library was empty.

Dungeon Overview and Level Annotations

Branches:
Dungeon (3/15)

Altars:


Innate Abilities, Weirdness & Mutations

You reflexively headbutt those who attack you in melee.
You have a pair of horns on your head.


Message History

You closely miss the orc.
The quokka bites you but does no damage.
You slash the orc priest! Your headbutt misses the orc priest.
The orc priest is heavily wounded.
The orc priest hits you but does no damage.
You block the quokka's attack.
An orc comes into view. It is wielding a +0 falchion.
The orc barely misses you. You furiously retaliate!
You headbutt the orc.
The orc priest invokes the aid of Beogh against you.
Pain shoots through your body!
* * * LOW HITPOINT WARNING * * *
You hit the orc priest.
The orc priest is almost dead.
The quokka bites you.
* * * LOW HITPOINT WARNING * * *
The orc hits you but does no damage.
The orc priest hits you with a +1 hand axe of flaming.
* * * LOW HITPOINT WARNING * * *
The orc priest burns you.
You die...

#..# ##
#..##.#####. ...
#..##..##..##.# #.
...)#.....
#...##.# #.
.o.##....##..###.#
#. #..#....#..##
#.# #.
##.........## #.#
#. #......##..#
#.# #.
+...ooo+..## #.
#....r@#.##
##.....)#..##
.......)'...#
##......##..#
#..$...##..#
##'######..# #.
#..# # ##.# #..


You could see an orc priest, 3 orcs and a quokka.

Vanquished Creatures
  3 gnolls (D:2)
  4 adders
  An ooze (D:1)
  2 dart slugs
  6 bats
  3 goblins
  6 hobgoblins
  4 jackals (D:1)
  2 frilled lizards
  7 kobolds
  5 rats
43 creatures vanquished.

Notes
Turn   | Place    | Note
-------+----------+-------------------------------------------
     0 | D:1      | Peloso the Minotaur Fighter began the quest for the Orb.
     0 | D:1      | Reached XP level 1. HP: 19/19 MP: 0/0
    48 | D:1      | Reached XP level 2. HP: 21/27 MP: 1/1
   371 | D:1      | You fall into a shaft and drop 1 floor!
   560 | D:2      | Reached XP level 3. HP: 21/33 MP: 2/2
   976 | D:2      | Reached XP level 4. HP: 27/40 MP: 3/3
  1569 | D:3      | HP: 1/41 [orc priest/+1 hand axe of flaming (4)]
  1569 | D:3      | Slain by an orc priest

Levels and vault maps discovered:
D:1:      dpeg_arrival_pits, layout_basic, minmay_3d_cube
D:2:      layout_basic
D:3:      layout_basic, first_ration, minmay_misc_feat_iff, uniq_natasha

Skill      XL: |  1  2  3  4 |
---------------+-------------+-----
Fighting       | 4 |  4.3
Shields        | 4 |  4.6
Long Blades    | 3 4 |  4.1
Armour         | 4 |  4.0
Dodging        | |  0.8

Action                   |  1- 3 |  4- 6 || total
-------------------------+-------+-------++-------
Melee: Long sword        |    60 |    31 ||    91
       Headbutt          |    10 |     3 ||    13
  Eat: Chunk             |       |     1 ||     1
Armor: Scale mail        |    34 |    16 ||    50
Dodge: Dodged            |    17 |    19 ||    36
Block: Shield            |    41 |    16 ||    57
       Rpst.: Long sword |     6 |     7 ||    13

Table legend:
 A = Non-vault XP
 B = Vault XP
 C = Vault XP percentage of total XP
 D = Non-vault monster count
 E = Vault monster count
 F = Vault count percentage of total count
                 A         B        C        D         E       F
            +---------+---------+-------+---------+---------+-------
      Total |     155 |      10 |   6.1 |      40 |       3 |   7.0
            +---------+---------+-------+---------+---------+-------
        D:1 |      35 |      10 |  22.2 |      20 |       3 |  13.0
        D:2 |      98 |       0 |   0.0 |      15 |       0 |   0.0
        D:3 |      22 |       0 |   0.0 |       5 |       0 |   0.0
            +---------+---------+-------+---------+---------+-------
